[ AOE2 MATCH · #488272329 ]
UnrankedEthiopians vs Vikings
[ REPLAY ANALYSIS · EXTRACTED FROM THE RECORDED GAME ]
Feudal
14:32
Castle
19:32
Imperial
44:17
| APM avg | 60.9 |
| APM peak | 140 |
| eAPM avg | 41.3 |
| Villagers / military | 177 / 270 |
Focus
⚔️ 55.2% · 🌾 44.8%
Spearman ×232 · Bombard Cannon ×16 · Monk ×10 · Mangonel ×10 · Fishing Ship ×5 · Scorpion ×1
Feudal
12:31
Castle
19:39
Imperial
35:46
| APM avg | 52.8 |
| APM peak | 93 |
| eAPM avg | 37.7 |
| Villagers / military | 234 / 346 |
Focus
⚔️ 52.0% · 🌾 48.0%
Berserk ×295 · Battering Ram ×43 · Trade Cart ×18 · Unknown (2626) ×15 · Fishing Ship ×8 · Trebuchet (Packed) ×7
Feudal
29:46
Castle
39:16
Imperial
53:35
| APM avg | 37.1 |
| APM peak | 72 |
| eAPM avg | 20.5 |
| Villagers / military | 122 / 11 |
Focus
⚔️ 26.7% · 🌾 73.3%
Trade Cart ×47 · Unknown (1974) ×46 · Militia ×11
Feudal
13:01
Castle
17:00
Imperial
42:39
| APM avg | 57.7 |
| APM peak | 89 |
| eAPM avg | 26.3 |
| Villagers / military | 193 / 183 |
Focus
⚔️ 43.5% · 🌾 56.5%
Cavalry Archer ×79 · Knight ×78 · Trade Cart ×11 · Archer ×9 · Mangonel ×7 · Battering Ram ×6
Feudal
13:09
Castle
17:11
Imperial
48:21
| APM avg | 47.9 |
| APM peak | 109 |
| eAPM avg | 30.8 |
| Villagers / military | 235 / 115 |
Focus
⚔️ 29.5% · 🌾 70.5%
Boyar ×82 · Knight ×14 · Scout Cavalry ×10 · Mangonel ×7 · Fishing Ship ×5 · Trade Cart ×4
Feudal
13:29
Castle
19:54
Imperial
36:45
| APM avg | 62.6 |
| APM peak | 119 |
| eAPM avg | 38.4 |
| Villagers / military | 182 / 141 |
Focus
⚔️ 55.2% · 🌾 44.8%
Galley ×60 · Hand Cannoneer ×29 · Unknown (882) ×25 · Fishing Ship ×23 · Trebuchet (Packed) ×15 · Genoese Crossbowman ×14
Feudal
13:42
Castle
17:15
Imperial
36:26
| APM avg | 60.9 |
| APM peak | 105 |
| eAPM avg | 41.9 |
| Villagers / military | 275 / 319 |
Focus
⚔️ 50.7% · 🌾 49.3%
Knight ×102 · Scorpion ×100 · Militia ×54 · Centurion ×40 · Monk ×10 · Trebuchet (Packed) ×9
Feudal
13:45
Castle
21:52
Imperial
42:53
| APM avg | 69.3 |
| APM peak | 141 |
| eAPM avg | 43.2 |
| Villagers / military | 210 / 187 |
Focus
⚔️ 58.7% · 🌾 41.3%
War Wagon ×185 · Fishing Ship ×10 · Trade Cart ×3 · Trebuchet (Packed) ×2
Match map
Initial resources + every placement click. Lines = walls · curves = elevation contours. ◆ gold · ⬟ stone · ● berries · ✦ relic · ◌ wall gap
Your base· Open — unwalled flank
TAG_Sitaux's base· Open — unwalled flank
一剑扫秋风nelson's base· Open — unwalled flank
Valas's base· Open — unwalled flank
Tointoin's base· Open — unwalled flank
NoLo's base· Open — unwalled flank
Shulk's base· Open — unwalled flank
Fritz Fantom's base· Open — unwalled flank
Smoothed initial terrain · ◌ = detected wall gap · hover for details
Inputs per minute
— Rgeadn - - TAG_Sitaux
Build order — Rgeadn
First 150 of 621 actions detected
| 0:49 | Build | Town Center |
| 0:57 | Build | Dock |
| 1:37 | Build | House |
| 2:27 | Create | Villager (Male) |
| 2:27 | Create | Villager (Male) |
| 2:27 | Create | Villager (Male) |
| 2:27 | Create | Villager (Male) |
| 2:27 | Create | Villager (Male) |
| 3:27 | Build | House |
| 3:59 | Research | Loom |
| 3:59 | Research | Loom |
| 4:32 | Create | Villager (Male) |
| 4:32 | Create | Villager (Male) |
| 4:56 | Create | Fishing Ship |
| 5:02 | Create | Villager (Male) |
| 5:02 | Create | Villager (Male) |
| 5:37 | Create | Villager (Male) |
| 6:04 | Build | House |
| 6:17 | Create | Villager (Male) |
| 6:17 | Create | Villager (Male) |
| 6:38 | Create | Villager (Male) |
| 6:38 | Create | Villager (Male) |
| 6:39 | Create | Fishing Ship |
| 7:07 | Create | Villager (Male) |
| 7:07 | Create | Villager (Male) |
| 7:32 | Create | Villager (Male) |
| 7:33 | Create | Fishing Ship |
| 7:42 | Build | House |
| 7:53 | Create | Villager (Male) |
| 7:53 | Create | Villager (Male) |
| 8:07 | Create | Villager (Male) |
| 8:28 | Create | Villager (Male) |
| 8:28 | Create | Villager (Male) |
| 8:43 | Create | Villager (Male) |
| 8:43 | Create | Fishing Ship |
| 8:46 | Build | House |
| 8:48 | Build | Palisade Wall |
| 9:04 | Create | Villager (Male) |
| 9:04 | Create | Villager (Male) |
| 9:17 | Create | Villager (Male) |
| 9:37 | Create | Fishing Ship |
| 9:43 | Build | House |
| 9:45 | Create | Villager (Male) |
| 9:45 | Create | Villager (Male) |
| 9:52 | Create | Villager (Male) |
| 9:59 | Create | Villager (Male) |
| 10:14 | Create | Villager (Male) |
| 10:14 | Create | Villager (Male) |
| 10:33 | Create | Villager (Male) |
| 10:53 | Create | Villager (Male) |
| 11:01 | Create | Villager (Male) |
| 11:22 | Create | Villager (Male) |
| 11:30 | Create | Villager (Male) |
| 11:40 | Build | Lumber Camp |
| 11:44 | Build | Mining Camp |
| 12:22 | Research | Feudal Age |
| 12:22 | Research | Feudal Age |
| 13:14 | Build | House |
| 13:17 | Build | House |
| 14:09 | Build | House |
| 14:15 | Create | Villager (Male) |
| 14:15 | Create | Villager (Male) |
| 14:32 | Age | Feudal Age |
| 14:35 | Build | Stone Wall |
| 14:42 | Build | Stone Wall |
| 14:45 | Build | Stone Wall |
| 14:47 | Build | Stone Wall |
| 14:50 | Create | Villager (Male) |
| 15:00 | Build | Mill |
| 15:12 | Build | Stone Wall |
| 15:13 | Build | Stone Wall |
| 15:34 | Create | Villager (Male) |
| 15:36 | Build | Blacksmith |
| 15:51 | Build | Market |
| 15:57 | Create | Villager (Male) |
| 16:52 | Research | Castle Age |
| 17:18 | Build | Outpost |
| 17:27 | Build | Stone Wall |
| 17:30 | Build | Stone Wall |
| 17:32 | Create | Villager (Male) |
| 17:38 | Build | Stone Wall |
| 17:49 | Create | Villager (Male) |
| 17:51 | Create | Villager (Male) |
| 18:07 | Create | Villager (Male) |
| 18:32 | Build | Palisade Wall |
| 18:33 | Build | Palisade Wall |
| 18:35 | Build | Palisade Wall |
| 18:41 | Create | Villager (Male) |
| 19:03 | Research | Double-Bit Axe |
| 19:06 | Research | Horse Collar |
| 19:06 | Research | Horse Collar |
| 19:32 | Age | Castle Age |
| 19:40 | Research | Bow Saw |
| 19:40 | Research | Bow Saw |
| 19:47 | Build | Monastery |
| 19:48 | Create | Villager (Male) |
| 20:11 | Create | Monk |
| 20:21 | Create | Villager (Male) |
| 20:48 | Create | Villager (Male) |
| 21:05 | Create | Villager (Male) |
| 21:46 | Build | Lumber Camp |
| 21:48 | Create | Monk |
| 22:37 | Build | Siege Workshop |
| 22:41 | Create | Villager (Male) |
| 23:06 | Create | Villager (Male) |
| 23:06 | Create | Villager (Male) |
| 23:16 | Create | Battering Ram |
| 23:38 | Create | Villager (Male) |
| 23:39 | Create | Villager (Male) |
| 23:41 | Create | Monk |
| 23:49 | Build | Outpost |
| 23:50 | Build | Outpost |
| 23:51 | Build | Outpost |
| 23:56 | Research | Town Watch |
| 23:56 | Research | Town Watch |
| 23:59 | Create | Villager (Male) |
| 24:24 | Create | Villager (Male) |
| 24:24 | Create | Villager (Male) |
| 24:32 | Create | Villager (Male) |
| 24:38 | Create | Villager (Male) |
| 24:44 | Build | Gate |
| 24:46 | Create | Villager (Male) |
| 24:49 | Create | Monk |
| 24:53 | Create | Villager (Male) |
| 25:03 | Build | Mining Camp |
| 25:15 | Create | Monk |
| 25:24 | Create | Villager (Male) |
| 26:00 | Build | Stone Wall |
| 26:05 | Create | Mangonel |
| 26:05 | Create | Mangonel |
| 26:07 | Create | Villager (Male) |
| 26:22 | Build | Outpost |
| 26:26 | Build | House |
| 26:27 | Build | House |
| 26:31 | Research | Wheelbarrow |
| 26:31 | Research | Wheelbarrow |
| 26:56 | Create | Villager (Male) |
| 27:00 | Create | Villager (Male) |
| 27:11 | Build | Outpost |
| 27:17 | Create | Villager (Male) |
| 27:37 | Create | Monk |
| 27:50 | Build | Outpost |
| 27:52 | Build | Outpost |
| 27:53 | Build | Outpost |
| 27:57 | Build | Outpost |
| 28:01 | Create | Villager (Male) |
| 28:02 | Create | Monk |
| 28:02 | Create | Monk |
| 28:19 | Create | Monk |
| 28:29 | Build | Town Center |
Build order — TAG_Sitaux
First 150 of 849 actions detected
| 0:20 | Build | Dock |
| 1:02 | Build | Town Center |
| 1:54 | Build | House |
| 3:01 | Create | Villager (Male) |
| 3:01 | Create | Villager (Male) |
| 3:01 | Create | Villager (Male) |
| 3:01 | Create | Villager (Male) |
| 3:02 | Create | Villager (Male) |
| 3:02 | Create | Villager (Male) |
| 3:48 | Create | Fishing Ship |
| 4:13 | Build | House |
| 5:03 | Create | Villager (Male) |
| 5:12 | Create | Fishing Ship |
| 5:13 | Create | Fishing Ship |
| 5:18 | Create | Villager (Male) |
| 5:30 | Build | House |
| 5:42 | Create | Villager (Male) |
| 5:42 | Create | Villager (Male) |
| 6:15 | Create | Villager (Male) |
| 6:18 | Create | Fishing Ship |
| 6:18 | Create | Fishing Ship |
| 6:52 | Create | Villager (Male) |
| 6:54 | Create | Fishing Ship |
| 7:05 | Build | House |
| 7:23 | Create | Villager (Male) |
| 7:23 | Create | Villager (Male) |
| 7:37 | Create | Villager (Male) |
| 7:37 | Create | Villager (Male) |
| 7:57 | Create | Fishing Ship |
| 8:00 | Create | Villager (Male) |
| 8:07 | Create | Villager (Male) |
| 8:07 | Create | Villager (Male) |
| 8:32 | Create | Fishing Ship |
| 8:33 | Create | Villager (Male) |
| 8:50 | Build | House |
| 9:23 | Build | Lumber Camp |
| 9:28 | Create | Villager (Male) |
| 9:50 | Create | Villager (Male) |
| 10:21 | Research | Feudal Age |
| 10:22 | Research | Feudal Age |
| 10:42 | Build | Dock |
| 11:20 | Build | Dock |
| 11:48 | Create | Villager (Male) |
| 11:57 | Build | Mining Camp |
| 12:09 | Build | House |
| 12:31 | Age | Feudal Age |
| 12:33 | Create | Unit 2626 |
| 12:33 | Create | Unit 2626 |
| 12:33 | Create | Unit 2626 |
| 12:34 | Research | Double-Bit Axe |
| 12:34 | Research | Double-Bit Axe |
| 12:38 | Create | Villager (Male) |
| 12:50 | Create | Villager (Male) |
| 13:01 | Build | Mill |
| 13:11 | Create | Unit 2626 |
| 13:11 | Create | Unit 2626 |
| 13:12 | Create | Unit 2626 |
| 13:14 | Create | Villager (Male) |
| 13:20 | Build | House |
| 13:34 | Create | Villager (Male) |
| 13:39 | Create | Unit 2626 |
| 13:40 | Create | Unit 2626 |
| 13:45 | Create | Villager (Male) |
| 14:32 | Create | Unit 2626 |
| 14:34 | Create | Unit 2626 |
| 14:34 | Create | Unit 2626 |
| 14:38 | Build | House |
| 14:44 | Create | Villager (Male) |
| 14:54 | Create | Unit 2626 |
| 15:40 | Create | Villager (Male) |
| 15:46 | Research | Loom |
| 15:48 | Build | Market |
| 16:04 | Build | Blacksmith |
| 16:06 | Create | Villager (Male) |
| 16:10 | Build | House |
| 16:59 | Research | Castle Age |
| 16:59 | Research | Castle Age |
| 17:28 | Create | Unit 2626 |
| 17:28 | Create | Unit 2626 |
| 17:28 | Create | Unit 2626 |
| 17:43 | Build | House |
| 17:45 | Build | House |
| 18:00 | Build | House |
| 18:14 | Build | House |
| 18:16 | Build | Palisade Wall |
| 18:19 | Build | House |
| 18:31 | Build | House |
| 18:36 | Build | House |
| 18:37 | Build | Palisade Wall |
| 18:40 | Build | Palisade Wall |
| 19:15 | Create | Villager (Male) |
| 19:39 | Age | Castle Age |
| 19:42 | Build | Town Center |
| 19:49 | Build | Town Center |
| 19:59 | Research | War Galley (upgrade) |
| 19:59 | Research | War Galley (upgrade) |
| 20:00 | Create | Villager (Male) |
| 20:14 | Create | Villager (Male) |
| 20:49 | Create | Villager (Male) |
| 20:59 | Create | Villager (Male) |
| 21:22 | Build | Mill |
| 21:29 | Create | Villager (Male) |
| 21:29 | Create | Villager (Male) |
| 21:44 | Build | Lumber Camp |
| 22:00 | Create | Villager (Male) |
| 22:12 | Create | Villager (Male) |
| 22:12 | Create | Villager (Male) |
| 22:13 | Build | Mill |
| 22:30 | Build | Mill |
| 22:53 | Create | Villager (Male) |
| 22:53 | Create | Villager (Male) |
| 22:56 | Create | Villager (Male) |
| 22:56 | Create | Villager (Male) |
| 23:00 | Create | Villager (Male) |
| 23:34 | Create | Villager (Male) |
| 23:34 | Create | Villager (Male) |
| 23:40 | Create | Villager (Male) |
| 23:41 | Create | Villager (Male) |
| 23:41 | Create | Villager (Male) |
| 23:54 | Create | Villager (Male) |
| 23:54 | Create | Villager (Male) |
| 24:02 | Create | Villager (Male) |
| 24:03 | Create | Villager (Male) |
| 24:04 | Create | Villager (Male) |
| 24:04 | Create | Villager (Male) |
| 24:32 | Create | Villager (Male) |
| 24:33 | Create | Villager (Male) |
| 24:36 | Create | Villager (Male) |
| 24:39 | Build | Town Center |
| 24:49 | Create | Villager (Male) |
| 25:13 | Build | Town Center |
| 25:16 | Create | Villager (Male) |
| 25:17 | Create | Villager (Male) |
| 25:20 | Build | Farm |
| 25:22 | Build | Farm |
| 25:22 | Build | Farm |
| 25:43 | Create | Villager (Male) |
| 25:43 | Create | Villager (Male) |
| 25:51 | Build | House |
| 25:52 | Build | Palisade Wall |
| 25:57 | Build | Gate |
| 26:03 | Create | Villager (Male) |
| 26:05 | Build | Siege Workshop |
| 26:10 | Create | Villager (Male) |
| 26:10 | Create | Villager (Male) |
| 26:11 | Build | Farm |
| 26:27 | Build | Mill |
| 26:31 | Create | Villager (Male) |
| 26:31 | Create | Villager (Male) |
| 26:39 | Build | Outpost |
Build order — 一剑扫秋风nelson
First 150 of 374 actions detected
| 1:40 | Build | Town Center |
| 2:21 | Build | House |
| 2:27 | Build | House |
| 2:37 | Build | House |
| 3:14 | Create | Villager (Male) |
| 3:25 | Build | Barracks |
| 3:37 | Create | Villager (Male) |
| 3:48 | Create | Villager (Male) |
| 4:08 | Create | Militia |
| 4:26 | Create | Villager (Male) |
| 4:49 | Create | Militia |
| 4:51 | Research | Loom |
| 5:35 | Create | Villager (Male) |
| 5:53 | Build | House |
| 5:57 | Create | Villager (Male) |
| 6:24 | Create | Villager (Male) |
| 6:48 | Create | Villager (Male) |
| 7:06 | Create | Militia |
| 7:12 | Create | Villager (Male) |
| 7:34 | Create | Villager (Male) |
| 7:50 | Build | House |
| 8:03 | Create | Militia |
| 8:06 | Create | Villager (Male) |
| 8:32 | Create | Villager (Male) |
| 8:49 | Create | Militia |
| 9:08 | Create | Villager (Male) |
| 9:30 | Create | Villager (Male) |
| 9:49 | Create | Villager (Male) |
| 10:07 | Create | Villager (Male) |
| 10:09 | Build | House |
| 10:36 | Create | Villager (Male) |
| 10:50 | Build | Palisade Wall |
| 10:57 | Create | Villager (Male) |
| 10:58 | Create | Militia |
| 11:06 | Create | Militia |
| 11:31 | Create | Militia |
| 11:36 | Create | Villager (Male) |
| 11:40 | Build | House |
| 11:58 | Create | Militia |
| 11:59 | Create | Militia |
| 12:02 | Create | Villager (Male) |
| 12:32 | Create | Villager (Male) |
| 12:48 | Create | Villager (Male) |
| 12:55 | Create | Militia |
| 13:03 | Create | Villager (Male) |
| 13:07 | Build | House |
| 13:20 | Build | Palisade Wall |
| 13:21 | Build | Palisade Wall |
| 13:27 | Build | Palisade Wall |
| 13:28 | Build | Palisade Wall |
| 13:33 | Create | Villager (Male) |
| 13:52 | Create | Villager (Male) |
| 14:09 | Build | House |
| 14:21 | Create | Villager (Male) |
| 14:22 | Create | Villager (Male) |
| 15:41 | Create | Villager (Male) |
| 17:42 | Create | Villager (Male) |
| 18:06 | Create | Villager (Male) |
| 18:45 | Create | Villager (Male) |
| 18:47 | Create | Villager (Male) |
| 19:13 | Create | Villager (Male) |
| 20:21 | Create | Villager (Male) |
| 20:38 | Create | Villager (Male) |
| 21:27 | Create | Villager (Male) |
| 22:11 | Build | Town Center |
| 22:50 | Create | Villager (Male) |
| 23:34 | Create | Villager (Male) |
| 23:55 | Create | Villager (Male) |
| 24:07 | Build | Mill |
| 24:26 | Create | Villager (Male) |
| 24:29 | Build | House |
| 24:49 | Create | Villager (Male) |
| 25:06 | Create | Villager (Male) |
| 25:10 | Build | Farm |
| 25:13 | Build | Farm |
| 25:16 | Build | Farm |
| 25:18 | Build | Farm |
| 25:23 | Create | Villager (Male) |
| 25:25 | Build | Farm |
| 25:44 | Create | Villager (Male) |
| 25:49 | Build | House |
| 25:52 | Build | House |
| 26:19 | Build | House |
| 26:20 | Build | House |
| 26:22 | Build | House |
| 26:28 | Create | Villager (Male) |
| 26:52 | Build | House |
| 26:53 | Build | House |
| 27:01 | Build | House |
| 27:11 | Research | Feudal Age |
| 27:54 | Build | House |
| 28:08 | Build | Mill |
| 28:35 | Create | Villager (Male) |
| 29:05 | Create | Villager (Male) |
| 29:26 | Create | Villager (Male) |
| 29:46 | Age | Feudal Age |
| 29:58 | Build | Market |
| 30:10 | Build | Blacksmith |
| 30:32 | Create | Villager (Male) |
| 31:09 | Build | Mill |
| 31:31 | Create | Villager (Male) |
| 31:53 | Create | Villager (Male) |
| 31:55 | Build | Farm |
| 31:59 | Build | Lumber Camp |
| 32:24 | Create | Villager (Male) |
| 32:34 | Build | Mining Camp |
| 32:40 | Create | Villager (Male) |
| 33:02 | Research | Double-Bit Axe |
| 33:02 | Research | Double-Bit Axe |
| 33:13 | Research | Horse Collar |
| 33:13 | Research | Horse Collar |
| 33:21 | Create | Villager (Male) |
| 33:26 | Build | Farm |
| 33:31 | Create | Villager (Male) |
| 33:39 | Build | Market |
| 33:43 | Create | Villager (Male) |
| 34:12 | Create | Villager (Male) |
| 34:31 | Create | Villager (Male) |
| 35:02 | Create | Villager (Male) |
| 35:03 | Build | Farm |
| 35:12 | Create | Trade Cart |
| 35:54 | Create | Villager (Male) |
| 36:21 | Build | Farm |
| 36:24 | Build | Farm |
| 36:27 | Build | House |
| 36:30 | Build | House |
| 36:31 | Build | House |
| 36:32 | Build | House |
| 36:34 | Build | House |
| 36:36 | Research | Castle Age |
| 36:45 | Build | House |
| 36:46 | Build | House |
| 36:50 | Create | Trade Cart |
| 36:55 | Build | Market |
| 37:17 | Build | Mining Camp |
| 37:40 | Create | Villager (Male) |
| 37:55 | Build | Stone Wall |
| 38:12 | Build | Stone Wall |
| 38:26 | Create | Villager (Male) |
| 39:06 | Create | Villager (Male) |
| 39:16 | Age | Castle Age |
| 39:27 | Build | Town Center |
| 39:45 | Create | Villager (Male) |
| 40:01 | Build | Stone Wall |
| 40:04 | Build | Stone Wall |
| 40:07 | Create | Villager (Male) |
| 40:26 | Create | Trade Cart |
| 40:27 | Create | Trade Cart |
| 40:33 | Create | Trade Cart |
| 40:34 | Create | Trade Cart |
Build order — Valas
First 150 of 614 actions detected
| 1:01 | Build | Town Center |
| 2:37 | Create | Villager (Male) ×4 |
| 2:37 | Create | Villager (Male) ×4 |
| 4:09 | Create | Villager (Male) |
| 4:39 | Build | Dock |
| 4:39 | Create | Villager (Male) |
| 4:40 | Create | Villager (Male) |
| 5:12 | Research | Loom |
| 5:42 | Create | Villager (Male) |
| 5:42 | Create | Villager (Male) |
| 5:56 | Create | Fishing Ship |
| 6:10 | Create | Villager (Male) |
| 6:10 | Create | Villager (Male) |
| 6:18 | Create | Villager (Male) |
| 6:18 | Create | Villager (Male) |
| 6:45 | Create | Fishing Ship |
| 6:46 | Create | Villager (Male) |
| 7:03 | Create | Villager (Male) |
| 7:36 | Create | Fishing Ship |
| 7:47 | Create | Villager (Male) |
| 7:48 | Create | Villager (Male) |
| 7:48 | Create | Villager (Male) |
| 8:10 | Create | Villager (Male) |
| 8:19 | Build | Mill |
| 8:43 | Create | Villager (Male) |
| 8:44 | Create | Villager (Male) |
| 8:49 | Create | Fishing Ship |
| 9:17 | Create | Villager (Male) |
| 9:24 | Create | Villager (Male) |
| 10:12 | Create | Villager (Male) |
| 10:28 | Build | Barracks |
| 10:44 | Build | Palisade Wall |
| 10:51 | Research | Feudal Age |
| 12:10 | Build | Mining Camp |
| 13:01 | Age | Feudal Age |
| 13:04 | Build | Archery Range |
| 13:05 | Create | Villager (Male) |
| 13:07 | Build | Palisade Wall |
| 13:08 | Build | Palisade Wall |
| 13:09 | Build | Palisade Wall |
| 13:11 | Create | Villager (Male) |
| 13:28 | Create | Villager (Male) |
| 13:29 | Create | Villager (Male) |
| 13:38 | Build | Blacksmith |
| 14:15 | Research | Castle Age |
| 14:16 | Research | Castle Age |
| 14:32 | Create | Archer |
| 14:32 | Create | Archer |
| 14:39 | Research | Town Watch |
| 14:42 | Build | Archery Range |
| 15:12 | Create | Archer |
| 15:22 | Research | Fletching |
| 15:22 | Research | Fletching |
| 15:46 | Create | Archer |
| 15:46 | Create | Archer |
| 16:24 | Create | Archer |
| 16:24 | Create | Archer |
| 16:42 | Build | Lumber Camp |
| 16:51 | Create | Archer |
| 16:51 | Create | Archer |
| 17:00 | Age | Castle Age |
| 17:09 | Research | Bodkin Arrow |
| 17:09 | Research | Bodkin Arrow |
| 17:12 | Create | Villager (Male) |
| 17:27 | Create | Cavalry Archer |
| 17:28 | Create | Cavalry Archer |
| 17:58 | Create | Cavalry Archer |
| 17:58 | Create | Cavalry Archer |
| 18:00 | Create | Villager (Male) |
| 18:40 | Create | Villager (Male) |
| 18:41 | Create | Villager (Male) |
| 18:42 | Research | Double-Bit Axe |
| 18:47 | Create | Cavalry Archer |
| 18:47 | Create | Cavalry Archer |
| 19:05 | Create | Cavalry Archer |
| 19:06 | Create | Cavalry Archer |
| 19:07 | Create | Villager (Male) |
| 19:31 | Build | Monastery |
| 19:33 | Create | Villager (Male) |
| 19:48 | Create | Villager (Male) |
| 19:51 | Build | Palisade Wall |
| 20:21 | Create | Monk |
| 20:22 | Create | Villager (Male) |
| 20:37 | Create | Villager (Male) |
| 21:13 | Create | Villager (Male) |
| 21:20 | Build | Town Center |
| 21:46 | Create | Villager (Male) |
| 21:57 | Create | Cavalry Archer |
| 21:57 | Create | Cavalry Archer |
| 22:08 | Create | Villager (Male) |
| 22:32 | Create | Villager (Male) |
| 23:10 | Build | Town Center |
| 23:20 | Create | Villager (Male) |
| 23:20 | Create | Villager (Male) |
| 23:22 | Build | Farm |
| 23:31 | Create | Cavalry Archer |
| 23:31 | Create | Cavalry Archer |
| 23:32 | Create | Cavalry Archer |
| 23:40 | Create | Villager (Male) |
| 23:54 | Create | Villager (Male) |
| 24:10 | Create | Villager (Male) |
| 24:11 | Create | Cavalry Archer |
| 24:11 | Create | Cavalry Archer |
| 24:17 | Create | Villager (Male) |
| 24:19 | Create | Cavalry Archer |
| 24:19 | Create | Cavalry Archer |
| 24:37 | Create | Villager (Male) |
| 24:38 | Create | Villager (Male) |
| 24:39 | Create | Cavalry Archer |
| 24:39 | Create | Cavalry Archer |
| 24:52 | Create | Villager (Male) |
| 24:56 | Build | Palisade Wall |
| 25:06 | Create | Villager (Male) |
| 25:16 | Create | Villager (Male) |
| 25:17 | Create | Cavalry Archer |
| 25:18 | Create | Cavalry Archer |
| 25:26 | Create | Villager (Male) |
| 25:42 | Create | Cavalry Archer |
| 25:42 | Create | Cavalry Archer |
| 25:43 | Create | Villager (Male) |
| 26:10 | Create | Cavalry Archer |
| 26:10 | Create | Cavalry Archer |
| 26:20 | Create | Villager (Male) |
| 26:32 | Build | Mill |
| 26:34 | Build | Farm |
| 26:34 | Build | Farm |
| 26:35 | Build | Farm |
| 26:35 | Build | Farm |
| 26:35 | Build | Farm |
| 26:36 | Build | Farm |
| 26:36 | Build | Farm |
| 26:36 | Build | Farm |
| 26:36 | Build | Farm |
| 26:41 | Create | Cavalry Archer |
| 26:41 | Create | Cavalry Archer |
| 27:01 | Create | Villager (Male) |
| 27:01 | Create | Villager (Male) |
| 27:02 | Create | Cavalry Archer |
| 27:02 | Create | Cavalry Archer |
| 27:03 | Create | Villager (Male) |
| 27:23 | Create | Villager (Male) |
| 27:25 | Create | Villager (Male) |
| 27:25 | Create | Villager (Male) |
| 27:43 | Create | Villager (Male) |
| 27:55 | Build | Mill |
| 27:56 | Create | Villager (Male) |
| 28:09 | Build | Farm |
| 28:13 | Create | Villager (Male) |
| 28:18 | Create | Villager (Male) |
| 28:23 | Create | Cavalry Archer |
Build order — Tointoin
First 150 of 580 actions detected
| 0:47 | Build | Dock |
| 1:02 | Build | Town Center |
| 1:48 | Build | House |
| 2:57 | Create | Villager (Male) |
| 2:57 | Create | Villager (Male) |
| 2:57 | Create | Villager (Male) |
| 2:57 | Create | Villager (Male) |
| 3:43 | Create | Fishing Ship |
| 4:06 | Create | Villager (Male) |
| 4:06 | Create | Villager (Male) |
| 4:29 | Build | House |
| 4:56 | Create | Fishing Ship |
| 5:02 | Research | Loom |
| 5:20 | Create | Villager (Male) |
| 5:21 | Create | Villager (Male) |
| 5:52 | Create | Fishing Ship |
| 5:52 | Create | Fishing Ship |
| 5:53 | Create | Villager (Male) |
| 5:54 | Create | Villager (Male) |
| 6:14 | Create | Villager (Male) |
| 6:29 | Build | House |
| 6:36 | Create | Villager (Male) |
| 6:36 | Create | Villager (Male) |
| 6:54 | Create | Villager (Male) |
| 7:19 | Create | Villager (Male) |
| 7:32 | Create | Fishing Ship |
| 7:44 | Create | Villager (Male) |
| 8:13 | Create | Villager (Male) |
| 8:28 | Build | House |
| 8:36 | Create | Villager (Male) |
| 8:57 | Build | House |
| 9:28 | Create | Villager (Male) |
| 9:39 | Build | Mill |
| 10:07 | Create | Villager (Male) |
| 10:12 | Create | Villager (Male) |
| 10:59 | Research | Feudal Age |
| 10:59 | Research | Feudal Age |
| 11:56 | Build | Barracks |
| 12:25 | Create | Villager (Male) |
| 12:29 | Build | House |
| 12:59 | Create | Villager (Male) |
| 13:09 | Age | Feudal Age |
| 13:11 | Build | Stable |
| 13:20 | Build | Blacksmith |
| 13:32 | Build | Market |
| 13:43 | Create | Villager (Male) |
| 14:25 | Build | Mining Camp |
| 14:31 | Research | Castle Age |
| 14:54 | Build | Mill |
| 15:28 | Build | Stable |
| 15:41 | Build | Lumber Camp |
| 16:27 | Build | Blacksmith |
| 16:36 | Research | Gold Mining |
| 16:36 | Research | Gold Mining |
| 16:39 | Create | Villager (Male) |
| 16:40 | Create | Villager (Male) |
| 17:11 | Age | Castle Age |
| 17:14 | Create | Knight |
| 17:14 | Create | Knight |
| 17:19 | Research | Fletching |
| 17:22 | Research | Double-Bit Axe |
| 17:34 | Create | Villager (Male) |
| 17:51 | Create | Knight |
| 17:51 | Create | Knight |
| 18:02 | Create | Villager (Male) |
| 18:09 | Create | Villager (Male) |
| 18:35 | Create | Villager (Male) |
| 18:48 | Create | Knight |
| 18:48 | Create | Knight |
| 18:55 | Build | Farm |
| 18:55 | Build | Farm |
| 19:22 | Create | Villager (Male) |
| 19:24 | Create | Villager (Male) |
| 19:29 | Create | Knight |
| 19:29 | Create | Knight |
| 19:53 | Create | Knight |
| 19:53 | Create | Knight |
| 20:17 | Build | Farm |
| 20:18 | Build | Farm |
| 20:43 | Create | Knight |
| 20:43 | Create | Knight |
| 20:43 | Create | Knight |
| 20:55 | Build | Farm |
| 21:16 | Create | Villager (Male) |
| 21:16 | Create | Villager (Male) |
| 21:48 | Create | Villager (Male) |
| 21:48 | Create | Villager (Male) |
| 21:58 | Build | House |
| 21:59 | Build | House |
| 22:16 | Create | Villager (Male) |
| 22:16 | Create | Villager (Male) |
| 22:50 | Create | Villager (Male) |
| 22:57 | Build | Lumber Camp |
| 23:17 | Build | Farm |
| 23:20 | Build | Farm |
| 23:49 | Build | Town Center |
| 24:25 | Build | Farm |
| 24:25 | Create | Villager (Male) |
| 24:26 | Create | Villager (Male) |
| 24:48 | Create | Villager (Male) |
| 24:49 | Create | Villager (Male) |
| 25:03 | Create | Villager (Male) |
| 25:03 | Create | Villager (Male) |
| 25:04 | Create | Villager (Male) |
| 25:13 | Build | Town Center |
| 25:31 | Create | Villager (Male) |
| 25:32 | Create | Villager (Male) |
| 25:34 | Create | Villager (Male) |
| 25:34 | Create | Villager (Male) |
| 25:34 | Create | Villager (Male) |
| 25:46 | Build | House |
| 26:02 | Create | Villager (Male) |
| 26:02 | Create | Villager (Male) |
| 26:27 | Create | Villager (Male) |
| 26:27 | Create | Villager (Male) |
| 26:39 | Create | Villager (Male) |
| 26:39 | Create | Villager (Male) |
| 26:50 | Create | Villager (Male) |
| 26:50 | Create | Villager (Male) |
| 27:18 | Create | Villager (Male) |
| 27:20 | Create | Villager (Male) |
| 27:21 | Create | Villager (Male) |
| 27:45 | Build | Town Center |
| 27:49 | Create | Villager (Male) |
| 27:49 | Create | Villager (Male) |
| 28:00 | Build | Town Center |
| 28:13 | Create | Villager (Male) |
| 28:13 | Create | Villager (Male) |
| 28:30 | Create | Knight |
| 28:40 | Create | Villager (Male) |
| 28:52 | Research | Horse Collar |
| 28:52 | Research | Horse Collar |
| 28:54 | Create | Villager (Male) |
| 28:54 | Create | Villager (Male) |
| 28:54 | Create | Villager (Male) |
| 28:57 | Build | Farm |
| 28:57 | Build | Farm |
| 28:58 | Build | Farm |
| 28:58 | Build | Farm |
| 28:58 | Build | Farm |
| 28:59 | Build | Farm |
| 28:59 | Build | Farm |
| 28:59 | Build | Farm |
| 29:12 | Create | Villager (Male) |
| 29:12 | Create | Villager (Male) |
| 29:12 | Create | Villager (Male) |
| 29:35 | Create | Villager (Male) |
| 29:36 | Create | Villager (Male) |
| 29:36 | Create | Villager (Male) |
| 29:44 | Build | Siege Workshop |
Build order — NoLo
First 150 of 618 actions detected
| 0:47 | Build | Dock |
| 1:15 | Build | Town Center |
| 3:09 | Create | Villager (Male) |
| 3:09 | Create | Villager (Male) |
| 3:10 | Create | Villager (Male) |
| 3:10 | Create | Villager (Male) |
| 3:16 | Build | House |
| 3:49 | Create | Villager (Male) |
| 4:38 | Create | Fishing Ship |
| 4:45 | Build | House |
| 5:21 | Create | Villager (Male) |
| 5:21 | Create | Villager (Male) |
| 5:51 | Create | Villager (Male) |
| 5:51 | Create | Villager (Male) |
| 5:52 | Create | Fishing Ship |
| 5:52 | Create | Fishing Ship |
| 6:18 | Create | Villager (Male) |
| 6:18 | Create | Villager (Male) |
| 6:18 | Create | Villager (Male) |
| 6:45 | Create | Villager (Male) |
| 6:48 | Build | House |
| 6:49 | Create | Villager (Male) |
| 6:49 | Create | Villager (Male) |
| 7:12 | Create | Fishing Ship |
| 7:12 | Create | Fishing Ship |
| 7:19 | Create | Villager (Male) |
| 7:21 | Create | Villager (Male) |
| 7:36 | Build | House |
| 7:51 | Create | Villager (Male) |
| 8:01 | Create | Villager (Male) |
| 8:01 | Create | Villager (Male) |
| 8:01 | Create | Villager (Male) |
| 8:27 | Create | Villager (Male) |
| 8:28 | Create | Villager (Male) |
| 8:37 | Create | Fishing Ship |
| 8:59 | Create | Villager (Male) |
| 9:11 | Create | Fishing Ship |
| 9:13 | Create | Villager (Male) |
| 9:15 | Build | House |
| 9:31 | Create | Villager (Male) |
| 9:40 | Build | Mill |
| 9:42 | Create | Villager (Male) |
| 9:49 | Create | Villager (Male) |
| 10:03 | Create | Villager (Male) |
| 10:25 | Build | Lumber Camp |
| 10:46 | Build | House |
| 10:58 | Create | Fishing Ship |
| 10:58 | Create | Fishing Ship |
| 11:19 | Research | Feudal Age |
| 11:19 | Research | Feudal Age |
| 11:37 | Create | Villager (Male) |
| 11:37 | Create | Villager (Male) |
| 11:49 | Build | Mining Camp |
| 12:37 | Build | Dock |
| 13:29 | Age | Feudal Age |
| 13:33 | Create | Unit 2626 |
| 13:35 | Create | Unit 2626 |
| 13:51 | Research | Double-Bit Axe |
| 13:57 | Create | Villager (Male) |
| 14:06 | Create | Unit 2626 |
| 14:15 | Create | Villager (Male) |
| 14:23 | Research | Loom |
| 14:27 | Build | House |
| 14:35 | Create | Unit 2626 |
| 14:35 | Create | Unit 2626 |
| 14:44 | Create | Villager (Male) |
| 15:12 | Create | Unit 2626 |
| 15:12 | Create | Unit 2626 |
| 15:16 | Create | Villager (Male) |
| 15:47 | Create | Villager (Male) |
| 15:55 | Build | Market |
| 16:21 | Create | Villager (Male) |
| 16:35 | Create | Villager (Male) |
| 16:39 | Build | Blacksmith |
| 16:55 | Build | House |
| 17:12 | Research | Castle Age |
| 17:13 | Research | Castle Age |
| 17:19 | Build | Dock |
| 17:27 | Create | Unit 2626 |
| 17:28 | Create | Unit 2626 |
| 17:30 | Research | Tech 906 |
| 17:30 | Research | Tech 906 |
| 17:38 | Build | House |
| 18:00 | Create | Unit 2626 |
| 18:05 | Create | Villager (Male) |
| 18:06 | Create | Villager (Male) |
| 18:16 | Research | Fletching |
| 18:16 | Research | Fletching |
| 18:18 | Create | Galley |
| 18:18 | Create | Galley |
| 18:18 | Create | Galley |
| 18:34 | Build | House |
| 18:37 | Build | Dock |
| 19:04 | Research | Gold Mining |
| 19:08 | Create | Galley |
| 19:09 | Create | Galley |
| 19:09 | Create | Galley |
| 19:38 | Build | House |
| 19:41 | Build | House |
| 19:53 | Create | Galley |
| 19:54 | Create | Galley |
| 19:54 | Create | Galley |
| 19:54 | Age | Castle Age |
| 20:00 | Create | Galley |
| 20:00 | Create | Galley |
| 20:07 | Research | War Galley (upgrade) |
| 20:08 | Research | War Galley (upgrade) |
| 20:11 | Create | Villager (Male) |
| 20:12 | Create | Villager (Male) |
| 20:28 | Research | Bodkin Arrow |
| 20:28 | Research | Bodkin Arrow |
| 20:32 | Create | Villager (Male) |
| 20:35 | Research | Bow Saw |
| 20:35 | Research | Bow Saw |
| 20:35 | Create | Villager (Male) |
| 20:38 | Build | House |
| 20:49 | Create | Galley |
| 20:50 | Create | Galley |
| 20:51 | Create | Villager (Male) |
| 21:02 | Create | Villager (Male) |
| 21:13 | Create | Villager (Male) |
| 21:17 | Create | Villager (Male) |
| 21:22 | Create | Galley |
| 21:22 | Create | Galley |
| 21:28 | Create | Villager (Male) |
| 21:34 | Create | Villager (Male) |
| 21:45 | Create | Galley |
| 21:46 | Create | Galley |
| 21:46 | Create | Galley |
| 21:48 | Create | Villager (Male) |
| 22:03 | Create | Villager (Male) |
| 22:06 | Create | Galley |
| 22:06 | Create | Galley |
| 22:07 | Create | Galley |
| 22:08 | Create | Villager (Male) |
| 22:10 | Create | Villager (Male) |
| 22:28 | Create | Villager (Male) |
| 22:30 | Create | Galley |
| 22:31 | Create | Galley |
| 22:43 | Build | University |
| 23:04 | Create | Galley |
| 23:05 | Create | Galley |
| 23:09 | Create | Villager (Male) |
| 23:12 | Create | Villager (Male) |
| 23:13 | Research | Wheelbarrow |
| 23:44 | Create | Galley |
| 23:44 | Create | Galley |
| 23:45 | Create | Galley |
| 23:45 | Create | Galley |
| 23:53 | Research | Ballistics |
Build order — Shulk
First 150 of 871 actions detected
| 0:50 | Build | Dock |
| 1:17 | Build | Town Center |
| 3:00 | Build | House |
| 3:06 | Create | Villager (Male) |
| 3:06 | Create | Villager (Male) |
| 3:07 | Create | Villager (Male) |
| 3:10 | Create | Villager (Male) |
| 3:10 | Create | Villager (Male) |
| 3:20 | Create | Villager (Male) |
| 3:20 | Create | Villager (Male) |
| 3:59 | Create | Fishing Ship |
| 4:19 | Build | House |
| 5:07 | Create | Villager (Male) |
| 5:07 | Create | Villager (Male) |
| 5:09 | Create | Fishing Ship |
| 5:31 | Create | Villager (Male) |
| 5:31 | Create | Villager (Male) |
| 5:57 | Create | Villager (Male) |
| 5:57 | Create | Villager (Male) |
| 6:01 | Create | Fishing Ship |
| 6:01 | Create | Fishing Ship |
| 6:15 | Create | Villager (Male) |
| 6:24 | Build | House |
| 6:29 | Research | Loom |
| 6:33 | Create | Villager (Male) |
| 6:33 | Create | Villager (Male) |
| 6:44 | Create | Villager (Male) |
| 7:00 | Create | Villager (Male) |
| 7:06 | Create | Fishing Ship |
| 7:16 | Create | Villager (Male) |
| 7:31 | Create | Villager (Male) |
| 7:36 | Build | House |
| 8:02 | Build | Mill |
| 8:04 | Create | Villager (Male) |
| 8:18 | Create | Fishing Ship |
| 8:21 | Create | Villager (Male) |
| 8:35 | Create | Villager (Male) |
| 8:52 | Build | House |
| 9:03 | Create | Fishing Ship |
| 9:04 | Create | Fishing Ship |
| 9:08 | Create | Villager (Male) |
| 9:56 | Build | Dock |
| 9:59 | Create | Villager (Male) |
| 11:03 | Create | Villager (Male) |
| 11:10 | Build | House |
| 11:32 | Research | Feudal Age |
| 11:32 | Research | Feudal Age |
| 12:19 | Build | Barracks |
| 12:58 | Create | Villager (Male) |
| 12:58 | Create | Villager (Male) |
| 13:42 | Age | Feudal Age |
| 13:48 | Create | Villager (Male) |
| 13:51 | Build | Stable |
| 13:53 | Build | Blacksmith |
| 14:04 | Build | Mining Camp |
| 14:35 | Research | Castle Age |
| 14:35 | Research | Castle Age |
| 14:41 | Build | Lumber Camp |
| 15:28 | Research | Scale Barding Armor |
| 15:32 | Research | Bloodlines |
| 16:17 | Create | Scout Cavalry |
| 16:34 | Research | Double-Bit Axe |
| 16:35 | Research | Horse Collar |
| 16:47 | Create | Villager (Male) |
| 17:01 | Build | House |
| 17:03 | Create | Villager (Male) |
| 17:15 | Age | Castle Age |
| 17:21 | Build | Siege Workshop |
| 17:23 | Create | Villager (Male) |
| 17:27 | Create | Knight |
| 17:29 | Create | Knight |
| 17:30 | Create | Villager (Male) |
| 17:41 | Create | Villager (Male) |
| 17:45 | Create | Villager (Male) |
| 17:49 | Build | Town Center |
| 17:55 | Create | Knight |
| 18:01 | Create | Villager (Male) |
| 18:10 | Create | Mangonel |
| 18:23 | Create | Villager (Male) |
| 18:31 | Create | Villager (Male) |
| 18:33 | Create | Villager (Male) |
| 18:54 | Create | Knight |
| 18:54 | Create | Knight |
| 18:55 | Create | Knight |
| 18:55 | Create | Villager (Male) |
| 19:07 | Create | Battering Ram |
| 19:08 | Create | Battering Ram |
| 19:09 | Create | Villager (Male) |
| 19:13 | Create | Villager (Male) |
| 19:17 | Create | Villager (Male) |
| 19:36 | Create | Villager (Male) |
| 20:01 | Create | Villager (Male) |
| 20:01 | Create | Villager (Male) |
| 20:09 | Build | Town Center |
| 20:19 | Create | Knight |
| 20:23 | Create | Villager (Male) |
| 20:25 | Create | Villager (Male) |
| 20:31 | Create | Villager (Male) |
| 20:36 | Build | Market |
| 20:36 | Create | Villager (Male) |
| 20:41 | Create | Scorpion |
| 20:41 | Create | Scorpion |
| 20:42 | Create | Villager (Male) |
| 21:03 | Create | Villager (Male) |
| 21:10 | Create | Villager (Male) |
| 21:24 | Build | Lumber Camp |
| 21:30 | Create | Villager (Male) |
| 21:30 | Create | Villager (Male) |
| 21:37 | Create | Scorpion |
| 21:44 | Create | Villager (Male) |
| 21:44 | Create | Villager (Male) |
| 22:03 | Create | Villager (Male) |
| 22:03 | Create | Villager (Male) |
| 22:09 | Build | Town Center |
| 22:09 | Create | Villager (Male) |
| 22:37 | Build | Farm |
| 22:37 | Create | Villager (Male) |
| 22:37 | Create | Villager (Male) |
| 22:40 | Create | Villager (Male) |
| 22:41 | Create | Villager (Male) |
| 22:41 | Create | Villager (Male) |
| 22:49 | Create | Villager (Male) |
| 22:50 | Create | Villager (Male) |
| 22:54 | Create | Villager (Male) |
| 22:54 | Create | Villager (Male) |
| 23:04 | Build | Siege Workshop |
| 23:05 | Create | Villager (Male) |
| 23:07 | Build | Monastery |
| 23:10 | Build | Monastery |
| 23:13 | Build | House |
| 23:14 | Build | House |
| 23:14 | Create | Villager (Male) |
| 23:26 | Create | Villager (Male) |
| 23:26 | Create | Villager (Male) |
| 23:26 | Create | Villager (Male) |
| 23:31 | Create | Villager (Male) |
| 23:43 | Build | Town Center |
| 23:47 | Create | Villager (Male) |
| 23:48 | Create | Villager (Male) |
| 24:02 | Create | Villager (Male) |
| 24:05 | Create | Villager (Male) |
| 24:05 | Create | Villager (Male) |
| 24:10 | Create | Scorpion |
| 24:16 | Create | Scorpion |
| 24:16 | Create | Scorpion |
| 24:20 | Create | Villager (Male) |
| 24:20 | Create | Villager (Male) |
| 24:20 | Create | Villager (Male) |
| 24:20 | Create | Villager (Male) |
| 24:24 | Create | Villager (Male) |
Build order — Fritz Fantom
First 150 of 630 actions detected
| 0:41 | Build | Dock |
| 0:59 | Build | Town Center |
| 2:30 | Build | House |
| 2:42 | Create | Villager (Male) |
| 2:43 | Create | Villager (Male) |
| 2:43 | Create | Villager (Male) |
| 2:43 | Create | Villager (Male) |
| 2:43 | Create | Villager (Male) |
| 3:50 | Create | Fishing Ship |
| 4:08 | Build | House |
| 4:27 | Research | Loom |
| 4:47 | Create | Villager (Male) |
| 4:47 | Create | Villager (Male) |
| 5:14 | Create | Villager (Male) |
| 5:14 | Create | Villager (Male) |
| 5:38 | Create | Villager (Male) |
| 5:38 | Create | Villager (Male) |
| 5:47 | Create | Fishing Ship |
| 5:47 | Create | Fishing Ship |
| 6:03 | Create | Villager (Male) |
| 6:03 | Create | Villager (Male) |
| 6:11 | Build | House |
| 6:29 | Create | Villager (Male) |
| 6:29 | Create | Villager (Male) |
| 6:51 | Create | Villager (Male) |
| 6:51 | Create | Villager (Male) |
| 6:51 | Create | Villager (Male) |
| 7:08 | Create | Fishing Ship |
| 7:09 | Create | Fishing Ship |
| 7:12 | Create | Villager (Male) |
| 7:12 | Create | Villager (Male) |
| 7:22 | Create | Villager (Male) |
| 7:23 | Create | Villager (Male) |
| 7:47 | Create | Fishing Ship |
| 7:49 | Create | Villager (Male) |
| 7:49 | Create | Villager (Male) |
| 8:01 | Build | House |
| 8:03 | Build | House |
| 8:31 | Create | Villager (Male) |
| 8:36 | Build | House |
| 8:49 | Create | Fishing Ship |
| 8:50 | Create | Villager (Male) |
| 9:30 | Create | Villager (Male) |
| 9:30 | Create | Villager (Male) |
| 9:40 | Build | Mining Camp |
| 9:54 | Build | Palisade Wall |
| 9:59 | Create | Villager (Male) |
| 10:01 | Build | Palisade Wall |
| 10:03 | Build | Palisade Wall |
| 10:20 | Build | House |
| 10:27 | Create | Villager (Male) |
| 10:31 | Create | Fishing Ship |
| 10:31 | Create | Fishing Ship |
| 11:03 | Create | Villager (Male) |
| 11:15 | Research | Feudal Age |
| 11:15 | Research | Feudal Age |
| 11:15 | Research | Feudal Age |
| 11:19 | Build | Mill |
| 11:41 | Build | Mining Camp |
| 12:18 | Build | Palisade Wall |
| 12:20 | Build | Palisade Wall |
| 12:28 | Build | Mill |
| 12:36 | Create | Villager (Male) |
| 13:40 | Build | House |
| 13:45 | Age | Feudal Age |
| 13:48 | Create | Villager (Male) |
| 13:56 | Build | Market |
| 14:04 | Build | House |
| 14:08 | Build | Stone Wall |
| 14:10 | Build | House |
| 14:12 | Build | Watch Tower |
| 14:20 | Create | Villager (Male) |
| 14:55 | Create | Villager (Male) |
| 15:15 | Create | Villager (Male) |
| 15:15 | Create | Villager (Male) |
| 15:16 | Create | Villager (Male) |
| 15:39 | Create | Villager (Male) |
| 15:55 | Create | Villager (Male) |
| 16:06 | Create | Villager (Male) |
| 16:22 | Create | Villager (Male) |
| 16:33 | Build | Palisade Wall |
| 17:16 | Create | Villager (Male) |
| 17:42 | Build | Blacksmith |
| 18:32 | Create | Villager (Male) |
| 18:45 | Build | Market |
| 19:12 | Research | Castle Age |
| 19:12 | Research | Castle Age |
| 19:12 | Research | Castle Age |
| 19:52 | Build | Stone Wall |
| 20:31 | Build | Lumber Camp |
| 21:29 | Create | Villager (Male) |
| 21:32 | Research | Double-Bit Axe |
| 21:44 | Build | House |
| 21:52 | Age | Castle Age |
| 21:55 | Build | Castle |
| 22:04 | Create | Villager (Male) |
| 22:16 | Build | Lumber Camp |
| 22:36 | Research | Fletching |
| 22:36 | Research | Fletching |
| 22:45 | Build | Town Center |
| 22:50 | Create | Villager (Male) |
| 22:53 | Create | War Wagon |
| 22:53 | Create | War Wagon |
| 23:06 | Create | Villager (Male) |
| 23:06 | Create | Villager (Male) |
| 23:07 | Create | Villager (Male) |
| 23:21 | Create | War Wagon |
| 23:21 | Create | War Wagon |
| 23:46 | Create | Fishing Ship |
| 23:49 | Create | Villager (Male) |
| 23:51 | Create | War Wagon |
| 23:51 | Create | War Wagon |
| 24:16 | Create | War Wagon |
| 24:16 | Create | War Wagon |
| 24:17 | Create | War Wagon |
| 24:33 | Create | Villager (Male) |
| 24:33 | Create | Villager (Male) |
| 24:55 | Build | Farm |
| 24:57 | Create | War Wagon |
| 24:57 | Create | War Wagon |
| 24:59 | Create | Villager (Male) |
| 25:00 | Create | Villager (Male) |
| 25:05 | Build | Mill |
| 25:10 | Create | War Wagon |
| 25:11 | Create | War Wagon |
| 25:31 | Create | Villager (Male) |
| 25:31 | Create | Villager (Male) |
| 25:31 | Create | Villager (Male) |
| 26:03 | Create | Villager (Male) |
| 26:03 | Create | Villager (Male) |
| 26:05 | Create | War Wagon |
| 26:05 | Create | War Wagon |
| 26:11 | Build | Mill |
| 26:20 | Create | War Wagon |
| 26:27 | Create | Villager (Male) |
| 26:27 | Create | Villager (Male) |
| 26:27 | Create | Villager (Male) |
| 26:35 | Create | Villager (Male) |
| 26:35 | Create | Villager (Male) |
| 26:57 | Create | Villager (Male) |
| 26:58 | Create | Villager (Male) |
| 27:00 | Create | War Wagon |
| 27:04 | Build | Farm |
| 27:06 | Build | Farm |
| 27:15 | Create | Villager (Male) |
| 27:15 | Create | Villager (Male) |
| 27:18 | Create | Villager (Male) |
| 27:18 | Create | Villager (Male) |
| 27:34 | Create | Villager (Male) |
| 27:34 | Create | Villager (Male) |
Match timeline
| 0:20 | TAG_Sitaux · first_building Dock |
| 0:41 | Fritz Fantom · first_building Dock |
| 0:47 | Tointoin · first_building Dock |
| 0:47 | NoLo · first_building Dock |
| 0:50 | Shulk · first_building Dock |
| 0:57 | Rgeadn · first_building Dock |
| 3:25 | 一剑扫秋风nelson · first_building Barracks |
| 4:39 | Valas · first_building Dock |
| 8:48 | Rgeadn · wall_segment Palisade Wall x5 |
| 9:54 | Fritz Fantom · wall_segment Palisade Wall x1 |
| 10:01 | Fritz Fantom · wall_segment Palisade Wall x1 |
| 10:03 | Fritz Fantom · wall_segment Palisade Wall x1 |
| 10:28 | Valas · first_building Barracks |
| 10:44 | Valas · wall_segment Palisade Wall x1 |
| 10:50 | 一剑扫秋风nelson · wall_segment Palisade Wall x1 |
| 11:56 | Tointoin · first_building Barracks |
| 12:18 | Fritz Fantom · wall_segment Palisade Wall x4 |
| 12:19 | Shulk · first_building Barracks |
| 12:20 | Fritz Fantom · wall_segment Palisade Wall x1 |
| 12:31 | TAG_Sitaux · age_up feudal |
| 13:01 | Valas · age_up feudal |
| 13:04 | Valas · first_building Archery Range |
| 13:07 | Valas · wall_segment Palisade Wall x1 |
| 13:08 | Valas · wall_segment Palisade Wall x1 |
| 13:09 | Tointoin · age_up feudal |
| 13:09 | Valas · wall_segment Palisade Wall x1 |
| 13:11 | Tointoin · first_building Stable |
| 13:20 | 一剑扫秋风nelson · wall_segment Palisade Wall x1 |
| 13:21 | 一剑扫秋风nelson · wall_segment Palisade Wall x1 |
| 13:27 | 一剑扫秋风nelson · wall_segment Palisade Wall x1 |
| 13:28 | 一剑扫秋风nelson · wall_segment Palisade Wall x1 |
| 13:29 | NoLo · age_up feudal |
| 13:42 | Shulk · age_up feudal |
| 13:45 | Fritz Fantom · age_up feudal |
| 13:51 | Shulk · first_building Stable |
| 14:08 | Fritz Fantom · wall_segment Stone Wall x1 |
| 14:30 | Tointoin · first_market_sell 100 stone |
| 14:32 | Rgeadn · age_up feudal |
| 14:35 | Rgeadn · wall_segment Stone Wall x6 |
| 14:42 | Rgeadn · wall_segment Stone Wall x8 |
| 14:45 | Rgeadn · wall_segment Stone Wall x10 |
| 14:47 | Rgeadn · wall_segment Stone Wall x7 |
| 15:12 | Rgeadn · wall_segment Stone Wall x8 |
| 15:13 | Rgeadn · wall_segment Stone Wall x1 |
| 15:38 | Tointoin · first_market_buy 100 wood |
| 16:33 | Fritz Fantom · wall_segment Palisade Wall x1 |
| 16:43 | Rgeadn · first_market_buy 100 food |
| 16:49 | Rgeadn · first_market_sell 100 wood |
| 17:00 | Valas · age_up castle |
| 17:11 | Tointoin · age_up castle |
| 17:15 | Shulk · age_up castle |
| 17:21 | Shulk · first_building Siege Workshop |
| 17:27 | Rgeadn · wall_segment Stone Wall x1 |
| 17:30 | Rgeadn · wall_segment Stone Wall x1 |
| 17:38 | Rgeadn · wall_segment Stone Wall x1 |
| 18:16 | TAG_Sitaux · wall_segment Palisade Wall x1 |
| 18:32 | Rgeadn · wall_segment Palisade Wall x1 |
| 18:33 | Rgeadn · wall_segment Palisade Wall x1 |
| 18:35 | Rgeadn · wall_segment Palisade Wall x1 |
| 18:37 | TAG_Sitaux · wall_segment Palisade Wall x1 |
| 18:40 | TAG_Sitaux · wall_segment Palisade Wall x3 |
| 19:08 | NoLo · first_market_buy 100 wood |
| 19:31 | Valas · first_building Monastery |
| 19:32 | Rgeadn · age_up castle |
| 19:39 | TAG_Sitaux · age_up castle |
| 19:47 | Rgeadn · first_building Monastery |
| 19:51 | Valas · wall_segment Palisade Wall x1 |
| 19:52 | TAG_Sitaux · first_market_sell 100 food |
| 19:52 | Fritz Fantom · wall_segment Stone Wall x8 |
| 19:53 | TAG_Sitaux · first_market_buy 100 wood |
| 19:54 | NoLo · age_up castle |
| 20:02 | NoLo · first_market_sell 100 food |
| 21:52 | Fritz Fantom · age_up castle |
| 21:55 | Fritz Fantom · first_building Castle |
| 22:05 | Shulk · first_market_buy 100 stone |
| 22:35 | Fritz Fantom · first_market_buy 100 food |
| 22:37 | Rgeadn · first_building Siege Workshop |
| 23:07 | Shulk · first_building Monastery |
| 24:56 | Valas · wall_segment Palisade Wall x1 |
| 24:57 | Fritz Fantom · first_market_sell 100 wood |
| 25:52 | TAG_Sitaux · wall_segment Palisade Wall x1 |
| 26:00 | Rgeadn · wall_segment Stone Wall x1 |
| 26:05 | TAG_Sitaux · first_building Siege Workshop |
| 29:06 | TAG_Sitaux · wall_segment Stone Wall x1 |
| 29:21 | Valas · first_building Stable |
| 29:21 | Tointoin · tribute_sent a jugador 1 |
| 29:21 | Tointoin · tribute_sent a jugador 2 |
| 29:21 | Tointoin · tribute_sent a jugador 3 |
| 29:21 | Tointoin · tribute_sent a jugador 4 |
| 29:21 | Tointoin · tribute_sent a jugador 6 |
| 29:21 | Tointoin · tribute_sent a jugador 7 |
| 29:21 | Tointoin · tribute_sent a jugador 8 |
| 29:44 | Tointoin · first_building Siege Workshop |
| 29:46 | 一剑扫秋风nelson · age_up feudal |
| 30:47 | Shulk · first_market_sell 100 wood |
| 30:52 | Tointoin · first_building Monastery |
| 30:52 | Valas · first_building Siege Workshop |
| 31:03 | 一剑扫秋风nelson · tribute_sent a jugador 1 |
| 31:03 | 一剑扫秋风nelson · tribute_sent a jugador 2 |
| 31:03 | 一剑扫秋风nelson · tribute_sent a jugador 4 |
| 31:03 | 一剑扫秋风nelson · tribute_sent a jugador 5 |
| 31:03 | 一剑扫秋风nelson · tribute_sent a jugador 6 |
| 31:03 | 一剑扫秋风nelson · tribute_sent a jugador 7 |
| 31:03 | 一剑扫秋风nelson · tribute_sent a jugador 8 |
| 31:31 | TAG_Sitaux · first_building Monastery |
| 32:44 | TAG_Sitaux · first_building Castle |
| 32:46 | NoLo · first_building Monastery |
| 32:51 | Rgeadn · first_building Barracks |
| 34:49 | Shulk · first_building Castle |
| 34:58 | NoLo · first_building Castle |
| 35:46 | TAG_Sitaux · age_up imperial |
| 36:26 | Shulk · age_up imperial |
| 36:37 | Rgeadn · first_building Castle |
| 36:45 | NoLo · age_up imperial |
| 37:00 | TAG_Sitaux · first_building Barracks |
| 37:26 | Valas · first_building Castle |
| 37:55 | 一剑扫秋风nelson · wall_segment Stone Wall x11 |
| 38:07 | Rgeadn · wall_segment Stone Wall x1 |
| 38:12 | 一剑扫秋风nelson · wall_segment Stone Wall x9 |
| 39:15 | Rgeadn · wall_segment Stone Wall x8 |
| 39:16 | 一剑扫秋风nelson · age_up castle |
| 39:20 | 一剑扫秋风nelson · first_market_buy 100 stone |
| 39:21 | Rgeadn · wall_segment Stone Wall x9 |
| 39:25 | Valas · first_market_buy 100 food |
| 39:28 | Rgeadn · wall_segment Stone Wall x8 |
| 40:01 | 一剑扫秋风nelson · wall_segment Stone Wall x11 |
| 40:04 | 一剑扫秋风nelson · wall_segment Stone Wall x9 |
| 40:12 | TAG_Sitaux · wall_segment Palisade Wall x1 |
| 40:31 | 一剑扫秋风nelson · first_market_sell 100 food |
| 40:55 | 一剑扫秋风nelson · wall_segment Stone Wall x3 |
| 41:16 | NoLo · first_building Barracks |
| 41:34 | Valas · wall_segment Stone Wall x1 |
| 41:35 | Valas · wall_segment Stone Wall x1 |
| 41:37 | Fritz Fantom · first_building Barracks |
| 42:11 | NoLo · first_building Siege Workshop |
| 42:16 | NoLo · first_building Archery Range |
| 42:37 | Rgeadn · wall_segment Stone Wall x6 |
| 42:37 | 一剑扫秋风nelson · wall_segment Stone Wall x4 |
| 42:38 | Rgeadn · wall_segment Stone Wall x6 |
| 42:39 | Valas · age_up imperial |
| 42:53 | Fritz Fantom · age_up imperial |
| 43:16 | Rgeadn · wall_segment Stone Wall x9 |
| 43:17 | Rgeadn · wall_segment Stone Wall x1 |
| 43:25 | 一剑扫秋风nelson · wall_segment Stone Wall x7 |
| 43:28 | 一剑扫秋风nelson · wall_segment Stone Wall x1 |
| 43:28 | 一剑扫秋风nelson · wall_segment Stone Wall x1 |
| 43:29 | 一剑扫秋风nelson · wall_segment Stone Wall x1 |
| 43:29 | 一剑扫秋风nelson · wall_segment Stone Wall x1 |
| 43:39 | Rgeadn · wall_segment Stone Wall x1 |
| 43:42 | Rgeadn · wall_segment Stone Wall x6 |
| 43:44 | Rgeadn · wall_segment Stone Wall x9 |
| 44:00 | Rgeadn · wall_segment Stone Wall x1 |
| 44:00 | Rgeadn · wall_segment Stone Wall x1 |
| 44:02 | Tointoin · first_building Castle |
| 44:12 | Rgeadn · wall_segment Stone Wall x10 |
| 44:13 | Rgeadn · wall_segment Stone Wall x1 |
| 44:15 | Rgeadn · wall_segment Stone Wall x1 |
| 44:15 | Rgeadn · wall_segment Stone Wall x1 |
| 44:17 | Rgeadn · wall_segment Stone Wall x3 |
| 44:17 | Rgeadn · age_up imperial |
| 44:18 | TAG_Sitaux · tribute_sent a jugador 2 |
| 44:18 | TAG_Sitaux · tribute_sent a jugador 3 |
| 44:18 | TAG_Sitaux · tribute_sent a jugador 4 |
| 44:18 | TAG_Sitaux · tribute_sent a jugador 5 |
| 44:18 | TAG_Sitaux · tribute_sent a jugador 6 |
| 44:18 | TAG_Sitaux · tribute_sent a jugador 7 |
| 44:18 | TAG_Sitaux · tribute_sent a jugador 8 |
| 44:21 | Shulk · tribute_sent a jugador 1 |
| 44:21 | Shulk · tribute_sent a jugador 2 |
| 44:21 | Shulk · tribute_sent a jugador 3 |
| 44:21 | Shulk · tribute_sent a jugador 4 |
| 44:21 | Shulk · tribute_sent a jugador 5 |
| 44:21 | Shulk · tribute_sent a jugador 6 |
| 44:21 | Shulk · tribute_sent a jugador 8 |
| 44:33 | Fritz Fantom · tribute_sent a jugador 1 |
| 44:33 | Fritz Fantom · tribute_sent a jugador 2 |
| 44:33 | Fritz Fantom · tribute_sent a jugador 3 |
| 44:33 | Fritz Fantom · tribute_sent a jugador 4 |
| 44:33 | Fritz Fantom · tribute_sent a jugador 5 |
| 44:33 | Fritz Fantom · tribute_sent a jugador 6 |
| 44:33 | Fritz Fantom · tribute_sent a jugador 7 |
| 44:35 | Rgeadn · wall_segment Stone Wall x1 |
| 44:35 | Rgeadn · wall_segment Stone Wall x1 |
| 44:37 | NoLo · wall_segment Stone Wall x9 |
| 44:41 | NoLo · wall_segment Stone Wall x7 |
| 45:07 | Rgeadn · wall_segment Stone Wall x1 |
| 45:11 | Fritz Fantom · first_building Archery Range |
| 45:16 | Shulk · tribute_sent a jugador 1 |
| 45:16 | Shulk · tribute_sent a jugador 2 |
| 45:16 | Shulk · tribute_sent a jugador 3 |
| 45:16 | Shulk · tribute_sent a jugador 4 |
| 45:16 | Shulk · tribute_sent a jugador 5 |
| 45:16 | Shulk · tribute_sent a jugador 6 |
| 45:16 | Shulk · tribute_sent a jugador 8 |
| 45:19 | Fritz Fantom · first_building Stable |
| 45:22 | Shulk · tribute_sent a jugador 1 |
| 45:22 | Shulk · tribute_sent a jugador 2 |
| 45:22 | Shulk · tribute_sent a jugador 3 |
| 45:22 | Shulk · tribute_sent a jugador 4 |
| 45:22 | Shulk · tribute_sent a jugador 5 |
| 45:22 | Shulk · tribute_sent a jugador 6 |
| 45:22 | Shulk · tribute_sent a jugador 8 |
| 45:37 | 一剑扫秋风nelson · wall_segment Stone Wall x2 |
| 45:40 | 一剑扫秋风nelson · wall_segment Stone Wall x5 |
| 46:13 | Fritz Fantom · tribute_sent a jugador 1 |
| 46:13 | Fritz Fantom · tribute_sent a jugador 2 |
| 46:13 | Fritz Fantom · tribute_sent a jugador 3 |
| 46:13 | Fritz Fantom · tribute_sent a jugador 4 |
| 46:13 | Fritz Fantom · tribute_sent a jugador 5 |
| 46:13 | Fritz Fantom · tribute_sent a jugador 6 |
| 46:13 | Fritz Fantom · tribute_sent a jugador 7 |
| 47:07 | NoLo · tribute_sent a jugador 1 |
| 47:07 | NoLo · tribute_sent a jugador 2 |
| 47:07 | NoLo · tribute_sent a jugador 3 |
| 47:07 | NoLo · tribute_sent a jugador 4 |
| 47:07 | NoLo · tribute_sent a jugador 5 |
| 47:07 | NoLo · tribute_sent a jugador 7 |
| 47:07 | NoLo · tribute_sent a jugador 8 |
| 47:34 | NoLo · tribute_sent a jugador 1 |
| 47:34 | NoLo · tribute_sent a jugador 2 |
| 47:34 | NoLo · tribute_sent a jugador 3 |
| 47:34 | NoLo · tribute_sent a jugador 4 |
| 47:34 | NoLo · tribute_sent a jugador 5 |
| 47:34 | NoLo · tribute_sent a jugador 7 |
| 47:34 | NoLo · tribute_sent a jugador 8 |
| 47:42 | Fritz Fantom · tribute_sent a jugador 1 |
| 47:42 | Fritz Fantom · tribute_sent a jugador 2 |
| 47:42 | Fritz Fantom · tribute_sent a jugador 3 |
| 47:42 | Fritz Fantom · tribute_sent a jugador 4 |
| 47:42 | Fritz Fantom · tribute_sent a jugador 5 |
| 47:42 | Fritz Fantom · tribute_sent a jugador 6 |
| 47:42 | Fritz Fantom · tribute_sent a jugador 7 |
| 48:21 | Tointoin · age_up imperial |
| 48:56 | Rgeadn · first_building Archery Range |
| 49:35 | 一剑扫秋风nelson · first_building Monastery |
| 49:41 | Fritz Fantom · tribute_sent a jugador 1 |
| 49:41 | Fritz Fantom · tribute_sent a jugador 2 |
| 49:41 | Fritz Fantom · tribute_sent a jugador 3 |
| 49:41 | Fritz Fantom · tribute_sent a jugador 4 |
| 49:41 | Fritz Fantom · tribute_sent a jugador 5 |
| 49:41 | Fritz Fantom · tribute_sent a jugador 6 |
| 49:41 | Fritz Fantom · tribute_sent a jugador 7 |
| 49:54 | Fritz Fantom · tribute_sent a jugador 1 |
| 49:54 | Fritz Fantom · tribute_sent a jugador 2 |
| 49:54 | Fritz Fantom · tribute_sent a jugador 3 |
| 49:54 | Fritz Fantom · tribute_sent a jugador 4 |
| 49:54 | Fritz Fantom · tribute_sent a jugador 5 |
| 49:54 | Fritz Fantom · tribute_sent a jugador 6 |
| 49:54 | Fritz Fantom · tribute_sent a jugador 7 |
| 50:03 | NoLo · tribute_sent a jugador 1 |
| 50:03 | NoLo · tribute_sent a jugador 2 |
| 50:03 | NoLo · tribute_sent a jugador 3 |
| 50:03 | NoLo · tribute_sent a jugador 4 |
| 50:03 | NoLo · tribute_sent a jugador 5 |
| 50:03 | NoLo · tribute_sent a jugador 7 |
| 50:03 | NoLo · tribute_sent a jugador 8 |
| 50:32 | TAG_Sitaux · tribute_sent a jugador 2 |
| 50:32 | TAG_Sitaux · tribute_sent a jugador 3 |
| 50:32 | TAG_Sitaux · tribute_sent a jugador 4 |
| 50:32 | TAG_Sitaux · tribute_sent a jugador 5 |
| 50:32 | TAG_Sitaux · tribute_sent a jugador 6 |
| 50:32 | TAG_Sitaux · tribute_sent a jugador 7 |
| 50:32 | TAG_Sitaux · tribute_sent a jugador 8 |
| 51:49 | Fritz Fantom · tribute_sent a jugador 1 |
| 51:49 | Fritz Fantom · tribute_sent a jugador 2 |
| 51:49 | Fritz Fantom · tribute_sent a jugador 3 |
| 51:49 | Fritz Fantom · tribute_sent a jugador 4 |
| 51:49 | Fritz Fantom · tribute_sent a jugador 5 |
| 51:49 | Fritz Fantom · tribute_sent a jugador 6 |
| 51:49 | Fritz Fantom · tribute_sent a jugador 7 |
| 52:08 | NoLo · wall_segment Stone Wall x1 |
| 52:09 | NoLo · wall_segment Stone Wall x13 |
| 52:14 | NoLo · wall_segment Stone Wall x3 |
| 52:15 | NoLo · wall_segment Stone Wall x8 |
| 52:16 | NoLo · wall_segment Stone Wall x5 |
| 52:35 | Tointoin · tribute_sent a jugador 1 |
| 52:35 | Tointoin · tribute_sent a jugador 2 |
| 52:35 | Tointoin · tribute_sent a jugador 3 |
| 52:35 | Tointoin · tribute_sent a jugador 4 |
| 52:35 | Tointoin · tribute_sent a jugador 6 |
| 52:35 | Tointoin · tribute_sent a jugador 7 |
| 52:35 | Tointoin · tribute_sent a jugador 8 |
| 53:35 | 一剑扫秋风nelson · age_up imperial |
| 55:51 | TAG_Sitaux · resign |
[ AI ANALYSIS · 1 CREDIT ]
What really happened in this match?
Wolo.gg analyzes every decision: build order, eco, micro, common mistakes by bracket. Personalized analysis on WhatsApp or Discord in 30 seconds.
Civ guide
Ethiopians
Perfil
Rgeadn